 Dungeon Crawl Stone Soup version 0.20.1-1-g8b1a95d (webtiles) character file.

172 theElss the Ruffian (level 5, -9/45 HPs)
             Began as a Naga Transmuter on Oct 25, 2017.
             Was a Follower of Cheibriados.
             Shot with an arrow by a centaur (11 damage)
             ... on level 5 of the Dungeon.
             The game lasted 00:20:33 (4952 turns).

theElss the Ruffian (Naga Transmuter)               Turns: 4952, Time: 00:20:34

Health: -9/45      AC:  3    Str: 16    XL:     5   Next: 52%
Magic:  6/8        EV: 10    Int: 15    God:    Cheibriados [*.....]
Gold:   133        SH:  0    Dex: 13    Spells: 5/8 levels left

rFire    . . .     SeeInvis +   A - +0 dagger
rCold    . . .     Gourm    .   (no shield)
rNeg     . . .     Faith    .   b - +0 robe
rPois    +         Spirit   .   (no helmet)
rElec    .         Reflect  .   (no cloak)
rCorr    .         Harm     .   C - +0 pair of gloves
MR       .....                  (no barding)
Stlth    ++........             (no amulet)
Regen    0.2/turn               (no ring)
MPRegen  0.2/turn               (no ring)

@: very slightly contaminated, very slow
A: see invisible, deformed body, poison resistance, slowness 2, slow metabolism
1, spit poison 1, AC +1
a: Spit Poison, Bend Time, Renounce Religion


You were on level 5 of the Dungeon.
You worshipped Cheibriados.
Cheibriados was aware of your devotion.
You were hungry.

You visited 1 branch of the dungeon, and saw 5 of its levels.

You collected 133 gold pieces.

Inventory:

Hand Weapons
 y - a +4 dagger
 A - a +0 dagger (weapon)
Missiles
 a - 48 arrows
 i - 37 bolts
 w - a steel tomahawk (quivered)
Armour
 b - a +0 robe (worn)
 C - a +0 pair of gloves (worn)
Scrolls
 f - a scroll of identify
 k - 2 scrolls of enchant armour
 p - a scroll of amnesia
 s - a scroll of enchant weapon {unknown}
 B - a scroll of noise {unknown}
 D - a scroll of recharging {unknown}
 F - a scroll of teleportation {unknown}
Potions
 e - a potion of resistance {unknown}
 j - a potion of ambrosia {unknown}
 n - a potion of cancellation {unknown}
 q - 3 potions of mutation {unknown}
 u - a potion of lignification {unknown}
Books
 c - a book of Changes

   Spells                             Type                      Level
   a - Beastly Appendage              Transmutation                1
   b - Sticks to Snakes               Transmutation                2
   c - Spider Form                    Transmutation/Poison         3
   d - Ice Form                       Ice/Transmutation            4
   e - Blade Hands                    Transmutation                5
 v - a book of Minor Magic

   Spells                             Type                      Level
   a - Magic Dart                     Conjuration                  1
   b - Blink                          Translocation                2
   c - Call Imp                       Summoning                    2
   d - Slow                           Hexes                        2
   e - Conjure Flame                  Conjuration/Fire             3
   f - Mephitic Cloud                 Conjuration/Poison/Air       3
Comestibles
 d - 3 bread rations
 z - 3 meat rations
 G - 2 fruits


   Skills:
 + Level 1.8 Fighting
 + Level 1.8 Short Blades
 * Level 1.4 Throwing
 + Level 2.4 Dodging
 + Level 1.9 Stealth
 + Level 3.8 Unarmed Combat
 + Level 2.3 Spellcasting
 + Level 2.0 Transmutations


You had 5 spell levels left.
You knew the following spells:

 Your Spells              Type           Power        Failure   Level  Hunger
a - Beastly Appendage     Tmut           #.....       10%         1    #......
b - Sticks to Snakes      Tmut           #.......     14%         2    ###....


Dungeon Overview and Level Annotations

Branches:
Dungeon (5/15)             Temple (0/1) D:4

Altars:
Cheibriados
Elyvilon
Xom

Annotations:
D:4 exclusion: centaur


Innate Abilities, Weirdness & Mutations

You cannot wear boots.
Your serpentine skin is tough. (AC +1)
You have supernaturally acute eyesight. (SInv)
Armour fits poorly on your strangely shaped body.
Your system is resistant to poisons. (rPois)
You cover ground very slowly.
You have a slow metabolism.
You can spit poison.


Message History

The crimson imp barely misses you.
Your ball python barely misses the crimson imp.
Your ball python grabs the crimson imp.
Your ball python constricts the crimson imp.
Your ball python bites the crimson imp.
Your ball python constricts the crimson imp.
The crimson imp struggles to escape constriction.
Your ball python bites the crimson imp but does no damage.
Your ball python constricts the crimson imp.
The crimson imp struggles to escape constriction.
Your ball python bites the crimson imp but does no damage.
Your ball python constricts the crimson imp.
A centaur comes into view.
The centaur wields a shortbow.
The centaur shoots an arrow.
The arrow hits you!
* * * LOW HITPOINT WARNING * * *
The crimson imp struggles to escape constriction.
Your ball python bites the crimson imp but does no damage.
Your ball python constricts the crimson imp.
The centaur shoots an arrow.
The arrow hits you!
You die...

................#
................+
................# ...o
........(..##...# #..#
........((.##...###..##
)....##..........#....#
########(.........#.5..#
c....(............#....#
......(@....##...###?.#
########....##...###..##
#.....+...#......
#5....#...#......
#.S...#...+......
#.....#...#......
#....##...##.####
#....##...##.#
+.............


You could see a centaur, a crimson imp and a friendly ball python.

Vanquished Creatures
  An orc wizard (D:4)
  5 adders
  2 oozes (D:3)
  3 worms
  2 dart slugs (D:1)
  3 leopard geckos
  An orc (D:4)
  14 bats
  6 giant cockroaches
  8 hobgoblins
  A quokka (D:2)
  A ball python (D:4)
  5 frilled lizards
  9 goblins
  11 kobolds
  7 rats
79 creatures vanquished.

Notes
Turn   | Place    | Note
-------+----------+-------------------------------------------
     0 | D:1      | theElss the Naga Transmuter began the quest for the Orb.
     0 | D:1      | Reached XP level 1. HP: 18/18 MP: 3/3
   138 | D:1      | Reached XP level 2. HP: 19/25 MP: 5/5
   481 | D:1      | Learned a level 2 spell: Sticks to Snakes
   656 | D:1      | Reached XP level 3. HP: 20/31 MP: 6/6
  2741 | D:2      | Found a snail-covered altar of Cheibriados.
  2748 | D:2      | Found a shimmering altar of Xom.
  2753 | D:2      | Found a white marble altar of Elyvilon.
  2767 | D:2      | Became a worshipper of Cheibriados the Contemplative
  3022 | D:3      | Reached XP level 4. HP: 23/38 MP: 7/7
  3334 | D:3      | Reached skill level 1 in Short Blades
  3627 | D:3      | Reached skill level 1 in Throwing
  3860 | D:3      | Reached * piety under Cheibriados
  3928 | D:3      | Reached skill level 1 in Stealth
  4082 | D:3      | Reached XP level 5. HP: 44/44 MP: 6/8
  4543 | D:4      | Found a staircase to the Ecumenical Temple.
  4556 | D:4      | Noticed a centaur
  4630 | D:5      | Entered Level 5 of the Dungeon
  4952 | D:5      | Noticed a centaur
  4952 | D:5      | HP: 2/45 [centaur/arrow (8)]
  4952 | D:5      | Shot with an arrow by a centaur

Skill      XL: |  1  2  3  4 |
---------------+-------------+-----
Dodging        | 2 |  2.4
Short Blades   | 1 |  1.8
Throwing       | 1 |  1.4
Stealth        | 1 |  1.9
Fighting       | |  1.8
Unarmed Combat | |  3.8
Spellcasting   | |  2.3
Transmutations | |  2.0

Action                   |  1- 3 |  4- 6 || total
-------------------------+-------+-------++-------
Melee: Unarmed           |    16 |       ||    16
       Dagger            |   153 |   184 ||   337
       Punch             |     2 |     6 ||     8
Throw: Tomahawk          |       |    16 ||    16
 Cast: Beastly Appendage |     1 |     2 ||     3
       Sticks to Snakes  |       |     2 ||     2
Invok: Bend Time         |       |     1 ||     1
 Abil: Spit Poison       |    42 |    24 ||    66
  Use: Scroll            |       |     5 ||     5
       Potion            |       |     2 ||     2
  Eat: Chunk             |     7 |     6 ||    13
Armor: Robe              |    50 |    71 ||   121
       Ring mail         |     4 |       ||     4
Dodge: Dodged            |   112 |   116 ||   228
